AoeStats
← kikecoaster

Arena

510091322Analyzed
1v1 RM · 2d ago on Sep 29, 2026· 36m 18s· 2 players
Game mode
Random Map
Map size
Tiny (2 player)
Population
200
Speed
Normal
Resources
Standard
Victory
Conquest
Starting age
Dark Age
Ending age
Imperial Age
RankedLock teamsTeams togetherTeam positionsShared explorationLock speedFull tech treeHidden civsTurbo modeCheats
Victory
Defeat
🇨🇱 Japanese · Chile
494
+20
🇪🇸 Vietnamese · Spain
577
-20
Cristobal1012
10:52 Feudal Age
11:20 Double-Bit Axe
19:13 Castle Age
17:18 Arson
18:54 Man-at-Arms
20:21 Squires
kikecoaster
11:17 Feudal Age
13:17 Wheelbarrow
12:53 Double-Bit Axe
12:52 Horse Collar
17:35 Castle Age
15:55 Gold Mining
18:20 Heavy Plow
18:32 Bow Saw
30:09 Imperial Age
27:36 Fletching
27:57 Forging
27:11 Elite Skirmisher
28:38 Ballistics
29:09 Bodkin Arrow
30:39 Imperial Skirmisher
31:24 Crossbowman
32:10 Thumb Ring
35:31 Padded Archer Armor
36:42 Two-Man Saw
Connection lost

Rejoining the realm…

Still unreachable

The connection could not be restored.

Session expired

The server has moved on; the page needs a fresh start.